 Dungeon Crawl Stone Soup version 0.28.0-53-g5a82cb258f (webtiles) character file.

Game seed: 11666553076827178734

151 pkoi the Gusty (level 4, -1/33 HPs)
             Began as a Demigod Air Elementalist on May 31, 2022.
             Slain by Grinder (7 damage)
             ... on level 3 of the Dungeon.
             The game lasted 00:04:56 (3534 turns).

pkoi the Gusty (Demigod Air Elementalist)           Turns: 3534, Time: 00:04:57

Health: -1/33      AC:  2    Str:  9    XL:     4   Next: 86%
Magic:  12/18      EV: 12    Int: 21    God:
Gold:   66         SH:  0    Dex: 14    Spells: 2/7 levels left

rFire   . . .      SeeInvis .   t - +1 dagger (elec)
rCold   . . .      Faith    .   (no shield)
rNeg    . . .      Spirit   .   a - +0 robe
rPois   +          Reflect  .   l - +0 hat
rElec   .          Harm     .   (no cloak)
rCorr   .          Rampage  .   (no gloves)
Will    .....                   (no boots)
Stlth   ++........              o - amulet of magic regeneration
HPRegen 0.11/turn               g - ring of magical power
MPRegen 0.56/turn               h - ring of poison resistance

@: no status effects
A: high MP 1, forlorn, divine attributes
a: no special abilities


You were on level 3 of the Dungeon.
You visited 1 branch of the dungeon, and saw 3 of its levels.

You collected 66 gold pieces.

Inventory:

Hand Weapons
 d - a +0 dagger
 e - a +2 hand axe of flaming
 t - a +1 dagger of electrocution (weapon)
 u - a +1 dagger of speed
Missiles
 j - 4 silver javelins
Armour
 a - a +0 robe (worn)
 l - a +0 hat (worn)
Jewellery
 g - a ring of magical power (left hand)
 h - a ring of poison resistance (right hand)
 i - a ring of wizardry
 o - an amulet of magic regeneration (around neck)
 w - an amulet of reflection
Wands
 s - a wand of charming (11)
Scrolls
 b - 3 scrolls of identify {unknown}
 k - 2 scrolls of fear {unknown}
 m - a scroll of teleportation {unknown}
 n - 2 scrolls of amnesia {unknown}
 p - a scroll of magic mapping {unknown}
 r - a scroll of summoning {unknown}
 x - a scroll of vulnerability {unknown}
Potions
 c - a potion of might {unknown}
 f - a potion of flight {unknown}
 q - a potion of lignification {unknown}
 v - a potion of curing {unknown}


   Skills:
 - Level 1.7 Dodging
 - Level 1.7 Stealth
 + Level 2.1 Spellcasting
 - Level 0.8 Conjurations
 + Level 5.0 Air Magic
 + Level 1.0 Poison Magic


You had 2 spell levels left.
You knew the following spells:

 Your Spells              Type           Power      Damage    Failure   Level
a - Shock                 Conj/Air       56%        1d6       4%          1
b - Static Discharge      Conj/Air       14%        N/A       7%          2
c - Poisonous Vapours     Pois/Air       28%        N/A       6%          2

Your spell library contained the following spells:

 Spells                   Type           Power      Damage    Failure   Level
 Sting                    Tmut/Pois      16%        1d3       12%         1
 Swiftness                Air            23%        N/A       5%          3
 Mephitic Cloud           Conj/Pois/Air  11%        N/A       17%         3
 Airstrike                Air            11%        N/A       19%         4
 Ignite Poison            Fire/Tmut/Pois 3%         N/A       36%         3
 Gell's Gravitas          Tloc           2%         N/A       41%         3
 Teleport Other           Tloc           2%         N/A       41%         3
 Olgreb's Toxic Radiance  Pois           6%         N/A       67%         4
 Freezing Cloud           Conj/Ice/Air   5%         6-21      88%         5
 Dispersal                Tloc           1%         N/A       100%        6


Dungeon Overview and Level Annotations

Branches:
Dungeon (3/15)

Annotations:
D:3 Grinder


Innate Abilities, Weirdness & Mutations

You have an increased reservoir of magic. (+10% MP)
You shall have no god before yourself.
Your divine heritage dramatically boosts your attributes as you level up.


Message History

Grinder hits you. Grinder hits you!
* * * LOW HITPOINT WARNING * * *
You writhe in agony.
* * * LOW HITPOINT WARNING * * *
You can move again.
Unknown command.
Unknown command.
There is a stone staircase leading up here.
Casting: Shock (safe; 4% risk of failure)
Confirm with . or Enter, or press ? or * to list all spells.
Grinder is struck by an arc of lightning.
Grinder is moderately wounded.
You are struck by an arc of lightning.
* * * LOW HITPOINT WARNING * * *
The lightning grounds out.
Grinder blinks!
Unknown command.
Casting: Static Discharge (safe; 7% risk of failure)
Confirm with . or Enter, or press ? or * to list all spells.
Grinder is struck by an arc of lightning!
Grinder is heavily wounded.
The lightning grounds out.
Grinder hits you.
* * * LOW HITPOINT WARNING * * *
You writhe in agony.
* * * LOW HITPOINT WARNING * * *
Unknown command.
Casting: Static Discharge (safe; 7% risk of failure)
Confirm with . or Enter, or press ? or * to list all spells.
Grinder is struck by an arc of lightning!
Grinder is severely wounded.
The lightning grounds out.
Grinder hits you!
* * * LOW HITPOINT WARNING * * *
Unknown command.
Unknown command.
Casting: Static Discharge (safe; 7% risk of failure)
Confirm with . or Enter, or press ? or * to list all spells.
Grinder is struck by an arc of lightning.
Grinder is severely wounded.
The lightning grounds out.
Grinder hits you!
You die...

## ........#.#..:.
.. ...#.........#.
#.###.....##.##...
#.#...###.#...#.###
#.#.#.#.....[...$$#
#.#...###.#...#.###
#.........##.##§...
#..###[#.....@...#.
#.@#.......#.#†....
#
#5##.#...#.#$#†#.##
#(
#.##.#.#...###...#
#.#.##
#.#..[.....###
#..(#
#.#.#<.#......
#....#
#.#.......)...
.......#
#.............
###.....#
#...#.##......
.......#
#####.##......


You could see Grinder.

Vanquished Creatures
  Terence (D:2)
  3 adders (D:2)
  6 worms
  A dart slug (D:2)
  3 orcs
  7 endoplasms
  5 giant cockroaches
  13 goblins
  4 hobgoblins
  2 jackals (D:2)
  2 kobolds
  5 quokkas
  6 ball pythons
  5 bats
  4 frilled lizards
  7 rats
74 creatures vanquished.

Notes
Turn   | Place    | Note
-------+----------+-------------------------------------------
     0 | D:1      | pkoi the Demigod Air Elementalist began the quest for the
                  | Orb.
     0 | D:1      | Reached XP level 1. HP: 14/14 MP: 5/5
   207 | D:1      | Reached skill level 3 in Air Magic
   460 | D:1      | Reached XP level 2. HP: 20/20 MP: 4/7
   988 | D:1      | Learned a level 2 spell: Static Discharge
  1380 | D:2      | Reached XP level 3. HP: 26/26 MP: 8/8
  1464 | D:2      | Reached skill level 4 in Air Magic
  2602 | D:2      | Reached XP level 4. HP: 31/33 MP: 9/9
  2622 | D:2      | Learned a level 2 spell: Poisonous Vapours
  2956 | D:3      | Noticed Terence
  2958 | D:3      | Noticed Grinder
  2976 | D:2      | Killed Terence
  2977 | D:2      | Reached skill level 5 in Air Magic
  3223 | D:3      | Paralysed by Grinder for 5 turns
  3470 | D:3      | Reached skill level 1 in Poison Magic
  3523 | D:3      | Paralysed by Grinder for 6 turns
  3534 | D:3      | Slain by Grinder

Illustrated notes

Levels and vault maps discovered:
D:1:      dpeg_arrival_arbitrary_b, layout_loops_ring, minmay_split_cup_small
D:2:      minmay_razor_zed, layout_basic, ebering_ecumenical_altar_hall,
          due_unseen_surprise
D:3:      layout_basic, grunt_dithmenos_smoke, minmay_fractal_squares_5,
          uniq_terence, uniq_robin, uniq_grinder

Skill      XL: |  1  2  3  4 |
---------------+-------------+-----
Air Magic      | 3 4 5 |  5.0
Spellcasting   | 2 |  2.1
Poison Magic   | 1 |  1.0
Dodging        | |  1.7
Stealth        | |  1.7
Conjurations   | |  0.8

Action                   |  1- 3 |  4- 6 || total
-------------------------+-------+-------++-------
Melee: Unarmed           |    15 |       ||    15
       Hand axe          |    11 |       ||    11
       Dagger            |       |     4 ||     4
       Punch             |       |     1 ||     1
 Cast: Shock             |   104 |    53 ||   157
       Static Discharge  |     3 |    10 ||    13
       Poisonous Vapours |       |     3 ||     3
Armor: Robe              |    17 |     3 ||    20
Dodge: Dodged            |    28 |     3 ||    31
